 Dungeon Crawl Stone Soup version 0.32-a0-732-ga344392067 (webtiles) character file.

Game seed: 7140334578163326698

58169 mdonais the Warrior (level 14, -8/112 (125) HPs)
             Began as a Coglin Chaos Knight on Mar 9, 2024.
             Was a Plaything of Xom.
             Mangled by a dire elephant (21 damage)
             ... on level 5 of the Lair of Beasts on Mar 17, 2024.
             The game lasted 01:19:18 (18330 turns).

mdonais the Warrior (Coglin Chaos Knight)          Turns: 18330, Time: 01:19:18

HP:   -8/112 (125)  AC: 12    Str: 14    XL:     14   Next: 89%
MP:   14/14         EV:  7    Int: 11    God:    Xom [....*.]
Gold: 507           SH:  0    Dex: 18    Spells: 7/13 levels left

rFire   + + .        g - +11 orcbow of Defenestration {drain, Will+}
rCold   + + .        (shield currently unavailable)
rNeg    + . .        R - +4 Cigotuvi's embrace {Corpsefed rMiasma ^Drain rN+}
rPois   +            (helmet restricted)
rElec   +            r - +2 cloak
rCorr   +            t - +0 pair of gloves of the Black Moon {rElec rC+ Stlth-}
SInv    .            K - +0 pair of boots
Will    ++...        (amulet unavailable) Stlth
                     (ring unavailable)
HPRegen 1.18/turn    (ring unavailable)
MPRegen 0.54/turn    b - bismuth encabulator {rPois rF+ Regen+ RegenMP+ rCorr}

%: random rage (3%)
@: constricted, heavily drained, revved
A: off-hand wielding, slow wielding, warmup strikes, no jewellery, horns 1,
berserk 1, cold resistance 1, deterioration 1, fire resistance 1, evolution 1
a: Renounce Religion


You were on level 5 of the Lair of Beasts.
You worshipped Xom.
You were a beloved toy of Xom.
You visited 3 branches of the dungeon, and saw 18 of its levels.

You collected 1967 gold pieces.
You spent 1460 gold pieces at shops.

Inventory:

Hand Weapons
 g - the +11 orcbow of Defenestration (weapon) {drain, Will+}
   (You acquired it on level 8 of the Dungeon)

   Will+:     It increases your willpower.
 w - a +0 sling {Prasit}
   (You found it on level 3 of the Dungeon)
 A - a +0 sling {Fusazane}
   (You found it on level 4 of the Dungeon)
 N - the +5 executioner's axe "Ugoil" {chaos, *Noise rN+ Str+8 Int-5}
   (Xom gifted it to you on level 3 of the Lair of Beasts)

   Str+8:     It affects your strength (+8).
   Int-5:     It affects your intelligence (-5).
   rN+:       It protects you from negative energy.
   *Noise:    It may make a loud noise when swung.
Missiles
 v - 6 javelins
 F - 5 curare-tipped darts
 G - 6 datura-tipped darts
 Z - a throwing net {=!f}
Armour
 d - a +0 helmet
   (You took it off Robin on level 3 of the Dungeon)
 r - a +2 cloak (worn)
   (You found it on level 3 of the Dungeon)
 t - the +0 pair of gloves of the Black Moon (worn) {rElec rC+ Stlth-}
   (You found it on level 1 of the Lair of Beasts)

   rC+:       It protects you from cold.
   rElec:     It insulates you from electricity.
   Stlth-:    It makes you less stealthy.
 u - the +1 leather armour of Youthful Indiscretion {-Tele Fly rN+++ Stlth+}
   (You found it on level 7 of the Dungeon)

   rN+++:     It renders you almost immune to negative energy.
   Fly:       It grants you flight.
   -Tele:     It prevents most forms of teleportation.
   Stlth+:    It makes you more stealthy.
 x - the +0 leather armour "Wuci" {SInv}
   (You found it on level 11 of the Dungeon)

   SInv:      It lets you see invisible.
 y - a +0 troll leather armour
   (You found it on level 9 of the Dungeon)
 K - a +0 pair of boots (worn)
   (You found it on level 5 of the Lair of Beasts)
 R - the +4 Cigotuvi's embrace (worn) {Corpsefed rMiasma ^Drain rN+}
   (You found it on level 5 of the Lair of Beasts)

   Corpsefed: It gathers nearby corpses to temporarily increase the armour it
   provides.
   rMiasma:   It protects you from foul pestilence.
   rN+:       It protects you from negative energy.
   ^Drain:    It drains your maximum health when unequipped.
 X - a +0 pair of gloves
   (You found it on level 4 of the Lair of Beasts)
Gizmo
 b - a bismuth encabulator (installed) {rPois rF+ Regen+ RegenMP+ rCorr}
   (You invented it yourself on level 1 of the Orcish Mines)

   [bismuth encabulator]

   rF+:       It protects you from fire.
   rPois:     It protects you from poison.
   Regen+:    It increases your rate of health regeneration.
   rCorr:     It protects you from acid and corrosion.
   RegenMP+:  It increases your rate of magic regeneration.
Wands
 a - a wand of roots (9)
   (You took it off an orc on level 1 of the Orcish Mines)
 P - a wand of paralysis (9)
   (You found it on level 9 of the Dungeon)
 V - a wand of flame (31)
   (You found it on level 7 of the Dungeon)
Scrolls
 c - 3 scrolls of butterflies
 h - 2 scrolls of enchant weapon
 j - 2 scrolls of revelation
 m - a scroll of noise
 n - a scroll of amnesia
 o - 5 scrolls of fog
 q - 2 scrolls of brand weapon
 z - 2 scrolls of immolation
 B - 3 scrolls of fear
 E - a scroll of silence
 I - 2 scrolls of blinking {unknown}
 T - a scroll of teleportation
Potions
 f - 2 potions of heal wounds
 i - a potion of ambrosia {unknown}
 k - a potion of lignification {unknown}
 l - a potion of invisibility
 p - 5 potions of might
 C - 3 potions of enlightenment
 D - 3 potions of attraction
 H - 4 potions of haste
 J - a potion of magic {unknown}
 L - a potion of brilliance {unknown}
 M - 2 potions of resistance
 Q - 5 potions of curing
 Y - 2 potions of mutation
Miscellaneous
 U - a phial of floods
   (You found it on level 1 of the Lair of Beasts)


   Skills:
 + Level 16.2 Fighting
 - Level 3.0 Long Blades
 - Level 16.0 Ranged Weapons
 - Level 1.7 Armour
 + Level 10.6 Dodging
 + Level 10.7 Evocations


You had 7 spell levels left.
You knew the following spells:

 Your Spells              Type           Power      Damage    Failure   Level
a - Swiftness             Air            0%         N/A       78%         3
b - Passwall              Erth           0%         N/A       78%         3

Your spell library contained the following spells:

 Spells                   Type           Power      Damage    Failure   Level
 Freeze                   Ice            0%         1d3       41%         1
 Kiss of Death            Conj/Necr      0%         2d5       41%         1
 Magic Dart               Conj           0%         1d3       41%         1
 Necrotise                Necr           0%         1d4       41%         1
 Sandblast                Erth           0%         2d4       41%         1
 Sting                    Conj/Alch      0%         1d3       41%         1
 Blink                    Tloc           0%         N/A       54%         2
 Call Imp                 Summ           0%         N/A       54%         2
 Ensorcelled Hibernation  Hex/Ice        0%         N/A       54%         2
 Mercury Vapours          Alch/Air       0%         N/A       54%         2
 Call Canine Familiar     Summ           0%         N/A       78%         3
 Confusing Touch          Hex            0%         N/A       78%         3
 Frozen Ramparts          Ice            0%         1d1       78%         3
 Hailstorm                Conj/Ice       0%         3d5       78%         3
 Sigil of Binding         Hex            0%         N/A       78%         3
 Stone Arrow              Conj/Erth      0%         3d7       78%         3
 Vampiric Draining        Necr           0%         2d6       78%         3
 Animate Armour           Summ/Erth      0%         N/A       99%         4
 Animate Dead             Necr           0%         N/A       99%         4
 Brom's Barrelling Bould  Conj/Erth      0%         2d3       99%         4
 Dimensional Bullseye     Hex/Tloc       0%         N/A       99%         4
 Dispel Undead            Necr           0%         3d6       99%         4
 Martyr's Knell           Necr/Summ      0%         N/A       99%         4
 Olgreb's Toxic Radiance  Alch           0%         N/A       99%         4
 Vhi's Electric Charge    Tloc/Air       0%         N/A       99%         4
 Arcjolt                  Conj/Air       0%         1d10      100%        5
 Borgnjor's Vile Clutch   Necr/Erth      0%         N/A       100%        5
 Curse of Agony           Necr           0%         N/A       100%        5
 Death Channel            Necr           0%         N/A       100%        6
 Plasma Beam              Fire/Air       0%         2x1d10    100%        6
 Haunt                    Necr/Summ      0%         N/A       100%        7
 Infestation              Necr           0%         N/A       100%        8
 Lehudib's Crystal Spear  Conj/Erth      0%         10d2      100%        8


Dungeon Overview and Level Annotations

Branches:
Dungeon (11/15) Zot: 26023  Temple (0/1) D:7            Lair (5/5) D:11 Zot: 24972
 Shoals (0/4) Lair:2        Snake (0/4) Lair:2        Slime (0/5) Lair:4
    Orc (2/2) D:10 Zot: 10203     Elf (0/3) Orc:2

Altars:
Ashenzari
Fedhas
Xom
The Shining One
Jiyva

Shops:
D:6 =*   D:7 *   D:8 *   Orc:2 !=*?

Annotations:
D:11 2 runed translucent doors, jasper's ghost, journeyman DsSh
Lair:5 exclusion: dire elephant


Innate Abilities, Weirdness & Mutations

You can wield a second weapon in your off-hand.
It takes a long time for you to wield or remove held weapons.
Your first few attacks do less damage.
You cannot equip rings or amulets.
You have a pair of small horns on your head.
You sometimes lose your temper in combat.
Your flesh is cold resistant. (rC+)
Your body sometimes deteriorates upon taking damage.
Your flesh is heat resistant. (rF+)
You have hidden genetic potential.


Message History

You shoot an arrow.
The arrow hits the obsidian statue but does no damage.
The obsidian statue is almost destroyed.
The obsidian statue's eyes glow briefly.
Fire: g) +11 orcbow of Defenestration {drain, Will+}
Press: ? - help, Q - select action, (/) - cycle Shift-Dir - straight line, f/p - obsidian statue
Aim: an obsidian statue (almost destroyed, 95% to hit)
You shoot an arrow. The arrow hits the ynoxinul!
The ynoxinul is heavily wounded.
The obsidian statue's eyes glow briefly.
Fire: g) +11 orcbow of Defenestration {drain, Will+}
Press: ? - help, Q - select action, (/) - cycle Shift-Dir - straight line, f/p - obsidian statue
Aim: an obsidian statue (almost destroyed, 95% to hit)
You shoot an arrow. The arrow hits the ynoxinul.
The ynoxinul is heavily wounded.
Fire: g) +11 orcbow of Defenestration {drain, Will+}
Press: ? - help, Q - select action, (/) - cycle Shift-Dir - straight line, f/p - obsidian statue
Aim: an obsidian statue (almost destroyed, 95% to hit)
You shoot an arrow. The arrow hits the shadow imp!!
You kill the shadow imp!
The shadow imp disappears in a puff of smoke!
Fire: g) +11 orcbow of Defenestration {drain, Will+}
Press: ? - help, Q - select action, (/) - cycle Shift-Dir - straight line, f/p - obsidian statue
Aim: an obsidian statue (almost destroyed, 95% to hit)
You shoot an arrow. The arrow misses the ufetubus.
The arrow hits the obsidian statue!!
You destroy the obsidian statue!
The hellwing disappears in a puff of smoke!
The ynoxinul disappears in a puff of smoke!
The ufetubus disappears in a puff of smoke!
Health restored: 117 You open the door.
There is an open translucent door here.
R - the +4 Cigotuvi's embrace {Corpsefed rMiasma ^Drain rN+} You start removing your armour.
You continue removing your +0 troll leather armour. x4
You finish removing your +0 troll leather armour.
You start putting on your armour.
You continue putting on the +4 Cigotuvi's embrace {Corpsefed rMiasma ^Drain rN+}. x5
You finish putting on the +4 Cigotuvi's embrace {Corpsefed rMiasma ^Drain rN+}.
There is an open translucent door here.
You drop a +6 chain mail of ponderousness.
You drop a +1 ring mail of fire resistance.
You drop the +0 scale mail "Ginael" {Str-4 Dex+3 Slay+2}.
You open the large door.
There is a large open door here.
You open the door.
The necromancer points at you and mumbles some strange words.
You easily resist.
You hear a trumpeting!
Found a plate armour.
The air fills with toxic fumes!
As you read the scroll of poison, it crumbles to dust.
The dire elephant trumpets!
The dire elephant is engulfed in poison gas.
The dire elephant is poisoned.
You shoot an arrow.
The arrow closely misses the spectral anaconda.
The spectral anaconda misses you. x2
The dire elephant is engulfed in poison gas.
The dire elephant looks even sicker.
The spectral anaconda barely misses you.
The spectral anaconda bites you! You partially resist.
You feel drained.
You take 13 damage, and have 104/115 hp.
You shoot an arrow.
The arrow barely misses the spectral anaconda.
The spectral anaconda grabs you. The spectral anaconda bites you!
The spectral anaconda constricts you.
You take 8 damage, and have 96/115 hp.
You shoot an arrow. The arrow hits the spectral anaconda.
The spectral anaconda is lightly damaged.
Xom plays with reality for a moment.
The ground around you becomes liquefied!
The spectral anaconda bites you! You partially resist.
You feel drained. The spectral anaconda constricts you.
You shoot an arrow. The arrow hits the spectral anaconda.
The spectral anaconda is lightly damaged. "Hum-dee-hum-dee-hum..."
The dire elephant looks momentarily different.
You are now a beloved toy of Xom.
The spectral anaconda bites you but does no damage.
The spectral anaconda constricts you.
The dire elephant is engulfed in poison gas.
The dire elephant looks even sicker.
The dire elephant becomes momentarily stuck in the liquid earth.
The dire elephant trunk-slaps you but does no damage.
The spectral anaconda bites you but does no damage.
The spectral anaconda constricts you.
You take 10 damage, and have 86/113 hp.
You shoot an arrow. The arrow hits the spectral anaconda.
The spectral anaconda is lightly damaged.
The spectral anaconda bites you. The spectral anaconda constricts you.
The dire elephant is engulfed in poison gas.
The dire elephant looks as sick as possible!
The dire elephant barely misses you. The dire elephant trunk-slaps you.
The dire elephant is engulfed in poison gas.
The dire elephant is poisoned.
You take 3 damage, and have 83/113 hp.
You shoot an arrow.
The arrow barely misses the spectral anaconda.
The spectral anaconda barely misses you.
The spectral anaconda constricts you.
You shoot an arrow. The arrow hits the spectral anaconda!
The spectral anaconda is moderately damaged.
The spectral anaconda barely misses you.
The spectral anaconda constricts you.
The dire elephant is engulfed in poison gas.
The dire elephant looks even sicker.
The dire elephant is engulfed in poison gas.
The dire elephant looks as sick as possible!
The dire elephant tramples you!!
You are held in place!
The dire elephant becomes momentarily stuck in the liquid earth.
You take 31 damage, and have 52/113 hp.
MASSIVE DAMAGE!!
You are too injured to fight recklessly!
Fire: g) +11 orcbow of Defenestration {drain, Will+}
Press: ? - help, Q - select action, (/) - cycle Shift-Dir - straight line, f/p - spectral anaconda
Aim: a spectral anaconda (poison gas, moderately damaged, constricting you, 75% to hit)
You shoot an arrow. The arrow hits the spectral anaconda!!
The spectral anaconda is severely damaged.
The spectral anaconda bites you! The spectral anaconda constricts you.
The dire elephant is engulfed in poison gas.
The dire elephant looks as sick as possible!
The dire elephant tramples you!!
* * * LOW HITPOINT WARNING * * *
You are held in place!
The dire elephant trunk-slaps you.
* * * LOW HITPOINT WARNING * * *
The spectral anaconda bites you.
* * * LOW HITPOINT WARNING * * *
You partially resist.
You feel drained. The spectral anaconda constricts you.
* * * LOW HITPOINT WARNING * * *
You take 40 damage, and have 12/112 hp.
MASSIVE DAMAGE!!
Fire: g) +11 orcbow of Defenestration {drain, Will+}
Press: ? - help, Q - select action, (/) - cycle Shift-Dir - straight line, f/p - spectral anaconda
Aim: a spectral anaconda (poison gas, severely damaged, constricting you, 75% to hit)
Okay, then.
Unknown command.
Okay, then.
Unknown command.
Your magical effects are unravelling.
You feel magically purged.
The ground is no longer liquid beneath you.
The spectral anaconda bites you but does no damage.
The spectral anaconda constricts you.
The dire elephant is engulfed in poison gas.
The dire elephant looks even sicker.
The dire elephant is engulfed in poison gas.
The dire elephant looks as sick as possible!
The dire elephant tramples you!!
You die...
Xom titters!

...#.##.#.##.≈≈~##
...###..#.#.~☼☼§~#
....###.#.# ~☼☼§~
..#.P...#.## ≈§§[
#.....#.#..# ☼§#
##......##.####Y##
#......♣#...#ß.ß#
##.......###.#§YZ#
###..###.P##.##§@###
.....##...##..#§○☼.##
........#.♣##.#P☼§°.###
..÷.......♣ #.#####○..#
##.......♣# #....'.§°##
###......######..'..§§#
# #.....♣#P..'..ß#....#
# #P....♣#P..#####...##
# ##....##P..# #...#


You could see 2 dire elephants and a spectral anaconda.

Vanquished Creatures
  Saint Roka (Orc:2)
  Rupert (Lair:3)
  A hydra (Lair:2)
  10 two-headed ogres
  4 ogre magi (Orc:2)
  A boulder beetle (Lair:5)
  5 death yaks
  2 spectral death yaks (Lair:5)
  3 fire crabs (Lair:1)
  A skyshark (Lair:5)
  An obsidian statue (Lair:5)
  2 orc knights
  An ugly thing (Orc:2)
  3 cyclopes
  12 elephants
  3 black mambas
  A kobold blastminer (Orc:2)
  7 cane toads
  5 rime drakes
  4 komodo dragons
  4 trolls
  2 hornets
  A polar bear (Lair:5)
  8 blink frogs
  2 spectral elephants (Lair:5)
  Sigmund (D:4)
  3 shadows
  2 vampires
  42 yaks
  A wraith (D:11)
  A fire bat (Lair:1)
  A fire elemental (Lair:1)
  A dire elephant simulacrum (Lair:5)
  A death yak simulacrum (Lair:5)
  7 wargs
  3 basilisks
  3 wyverns
  4 vampire mosquitoes (D:8)
  A steam dragon (D:6)
  A spectral cane toad (Lair:5)
  A naga (Lair:2)
  12 water moccasins
  A hell hound (Lair:1)
  A sky beast (D:7)
  2 ice beasts
  17 orc warriors
  26 ogres
  4 black bears
  2 centaurs
  24 wolves
  12 bullfrogs
  A gnoll sergeant (D:8)
  4 scorpions
  13 wights
  2 elephant simulacra (Lair:5)
  29 killer bees
  6 howler monkeys
  A hound (D:5)
  A jelly (D:6)
  Crazy Yiuf (D:3)
  12 orc priests
  A sleepcap (D:6)
  2 gnoll boudas
  2 iguanas (D:5)
  23 orc wizards
  2 hell rats (Lair:3)
  Robin (D:3)
  12 gnolls
  4 adders
  11 river rats (Lair:3)
  A dart slug (D:4)
  A ribbon worm (D:3)
  60 orcs
  5 ball pythons
  12 bats
  5 endoplasms
  3 giant cockroaches
  6 hobgoblins
  3 jackals (D:3)
  6 kobolds
  4 quokkas
  5 frilled lizards
  13 goblins
  2 rats
513 creatures vanquished.

Vanquished Creatures (collateral kills)
  A blink frog (Lair:2)
  2 yaks (Lair:5)
  A phantom (D:5)
4 creatures vanquished.

Vanquished Creatures (others)
  A water nymph (Lair:1)
1 creature vanquished.

Grand Total: 518 creatures vanquished

Notes
Turn   | Place    | Note
-------+----------+-------------------------------------------
     0 | D:1      | mdonais the Coglin Chaos Knight began the quest for the
                  | Orb.
     0 | D:1      | Reached XP level 1. HP: 18/18 MP: 1/1
   127 | D:1      | Reached XP level 2. HP: 23/24 MP: 2/2
   132 | D:1      | XOM: silly message
   602 | D:1      | XOM: silly message
   635 | D:1      | XOM: silly message
   849 | D:1      | Reached XP level 3. HP: 21/30 MP: 3/3
  1567 | D:2      | XOM: silly message
  1656 | D:2      | XOM is BORED!
  1656 | D:2      | XOM: silly message
  1736 | D:3      | Found a broken altar of Ashenzari.
  1958 | D:3      | XOM: noise
  2004 | D:3      | XOM: scenery: create altars
  2042 | D:3      | Found a runed translucent door.
  2043 | D:3      | Noticed Crazy Yiuf
  2055 | D:3      | Killed Crazy Yiuf
  2056 | D:3      | Reached skill level 5 in Fighting
  2056 | D:3      | Reached XP level 4. HP: 16/39 MP: 4/4
  2226 | D:3      | XOM: smoke on damage
  2570 | D:3      | Upgraded the game from 0.32-a0-656-g3542139ebd to
                  | 0.32-a0-732-ga344392067
  2661 | D:4      | Noticed Robin
  2733 | D:4      | Noticed a scorpion
  3033 | D:4      | Noticed Sigmund
  3163 | D:3      | Killed Robin
  3164 | D:3      | Reached XP level 5. HP: 26/44 MP: 5/5
  3210 | D:3      | XOM: noise
  3475 | D:4      | Identified a scroll of acquirement
  3532 | D:4      | XOM: stat loss: -1 Str (12/13)
  3542 | D:4      | Reached skill level 1 in Ranged Weapons
  3577 | D:5      | Entered Level 5 of the Dungeon
  3599 | D:5      | XOM: 2-stop teleportation journey
  3705 | D:5      | Reached XP level 6. HP: 46/52 MP: 6/6
  3730 | D:5      | XOM: summons 6 friendly demons
  3731 | D:5      | XOM: god gift: mace {god gift}
  3811 | D:5      | XOM: noise
  3975 | D:5      | Reached XP level 7. HP: 32/58 MP: 7/7
  4103 | D:5      | XOM: give mutations
  4103 | D:5      | Gained mutation: You occasionally shout uncontrollably at
                  | your foes. [Xom's mischief]
  4103 | D:5      | Gained mutation: Armour fits poorly on your strangely
                  | shaped body. [Xom's mischief]
  4103 | D:5      | Lost mutation: Armour fits poorly on your strangely shaped
                  | body. [Xom's mischief]
  4103 | D:5      | Gained mutation: Your body sometimes deteriorates upon
                  | taking damage. [Xom's mischief]
  4114 | D:5      | XOM: stat loss: -1 Str (12/13)
  4196 | D:5      | XOM: summons 3 friendly demons
  4394 | D:5      | XOM: give mutations
  4394 | D:5      | Gained mutation: You are clumsy. (Dex -2) [Xom's mischief]
  4394 | D:5      | Gained mutation: You are very clumsy. (Dex -4) [Xom's
                  | mischief]
  4394 | D:5      | Gained mutation: You are somewhat resistant to further
                  | mutation. [Xom's mischief]
  4613 | D:6      | XOM: silly message
  4631 | D:5      | Reached skill level 5 in Ranged Weapons
  4948 | D:6      | XOM: summons 2 hostile demons
  5143 | D:6      | XOM: give mutations
  5143 | D:6      | Gained mutation: You are dopey. (Int -2) [Xom's mischief]
  5143 | D:6      | Gained mutation: Your flesh is cold resistant. (rC+) [Xom's
                  | mischief]
  5143 | D:6      | Lost mutation: Your flesh is cold resistant. (rC+) [Xom's
                  | mischief]
  5202 | D:6      | Lost mutation: You are somewhat resistant to further
                  | mutation. [potion of mutation]
  5202 | D:6      | Lost mutation: You are very clumsy. (Dex -4) [potion of
                  | mutation]
  5202 | D:6      | Lost mutation: You are clumsy. (Dex -2) [potion of
                  | mutation]
  5202 | D:6      | Gained mutation: You have hidden genetic defects. [potion
                  | of mutation]
  5202 | D:6      | Gained mutation: You expend magic power (3 MP) to
                  | strengthen your wands. [potion of mutation]
  5214 | D:6      | Reached XP level 8. HP: 60/63 MP: 8/8
  5221 | D:6      | Gained mutation: Your body often deteriorates upon taking
                  | damage. [hidden defects]
  5301 | D:6      | Noticed a hornet
  5301 | D:6      | Noticed a shadow
  5326 | D:6      | XOM: summons friendly shadow imp
  5343 | D:6      | Killed a shadow
  5538 | D:6      | Noticed a cyclops
  5548 | D:6      | Killed a hornet
  5556 | D:6      | Gained mutation: Your magical capacity is low. (-10% MP)
                  | [hidden defects]
  5556 | D:6      | Lost mutation: You have hidden genetic defects. [hidden
                  | defects expressed]
  5634 | D:6      | XOM: smoke on damage
  5852 | D:6      | XOM: butterfly on damage
  5858 | D:6      | Killed a cyclops
  5859 | D:6      | Reached XP level 9. HP: 21/74 MP: 8/8
  6058 | D:6      | Found Veyjeyr's Jewellery Boutique.
  6320 | D:7      | Found a staircase to the Ecumenical Temple.
  6336 | D:7      | XOM: noise
  6483 | D:7      | XOM: silly message
  6488 | D:7      | Noticed a hornet
  6493 | D:7      | Paralysed by a hornet for 1 turns
  6496 | D:7      | Killed a hornet
  6497 | D:7      | Identified the +1 leather armour of Youthful Indiscretion
                  | {-Tele Fly rN+++ Stlth+}
  6593 | D:7      | Found Lilol's General Store.
  6642 | D:7      | Reached skill level 10 in Ranged Weapons
  6722 | D:7      | XOM: chaos upgrade
  7008 | D:7      | Found a glowing golden altar of the Shining One.
  7492 | D:8      | Found Jygu's CLEARANCE SALE!.
  7611 | D:8      | Reached XP level 10. HP: 43/80 MP: 9/9
  7657 | D:8      | XOM: god gift: 30 gold pieces
  7712 | D:8      | XOM: 4-stop teleportation journey
  7789 | D:8      | XOM: cloud trail
  7840 | D:8      | XOM: confuse monster(s)
  7911 | D:8      | XOM: cast spell 'Iskenderun's Battlesphere'
  8052 | D:8      | XOM: potion effect (curing)
  8067 | D:8      | XOM: divination: detect items
  8240 | D:8      | Lost mutation: Your body often deteriorates upon taking
                  | damage. [potion of mutation]
  8240 | D:8      | Lost mutation: You are dopey. (Int -2) [potion of mutation]
  8240 | D:8      | Gained mutation: Your health recovers twice as slowly from
                  | being drained. [potion of mutation]
  8241 | D:8      | Lost mutation: Your health recovers twice as slowly from
                  | being drained. [potion of mutation]
  8241 | D:8      | Lost mutation: You expend magic power (3 MP) to strengthen
                  | your wands. [potion of mutation]
  8241 | D:8      | Lost mutation: You occasionally shout uncontrollably at
                  | your foes. [potion of mutation]
  8241 | D:8      | Gained mutation: You sometimes lose your temper in combat.
                  | [potion of mutation]
  8241 | D:8      | Gained mutation: You have a pair of small horns on your
                  | head. [potion of mutation]
  8241 | D:8      | Gained mutation: Your mind is acute. (Int +4, Str/Dex -1)
                  | [potion of mutation]
  8241 | D:8      | Gained mutation: You are robust. (+10% HP) [potion of
                  | mutation]
  8652 | D:8      | Acquired the +11 orcbow of Defenestration {drain, Will+}
  8711 | D:6      | XOM: divination: detect creatures
  8791 | D:4      | Killed Sigmund
  8880 | D:5      | XOM: silly message
  8965 | D:9      | XOM: silly message
  9106 | D:9      | XOM: silly message
  9120 | D:9      | XOM: silly message
  9154 | D:9      | XOM: potion effect (haste)
  9156 | D:9      | Reached skill level 5 in Dodging
  9250 | D:9      | XOM: divination: magic mapping
  9459 | D:10     | Entered Level 10 of the Dungeon
  9545 | D:10     | Reached XP level 11. HP: 97/97 MP: 9/9
  9600 | D:10     | XOM: divination: detect creatures
  9787 | D:10     | Found a staircase to the Orcish Mines.
 10292 | D:11     | Found a runed translucent door.
 10292 | D:11     | Noticed a necromancer
 10294 | D:11     | Noticed a yaktaur captain
 10295 | D:11     | Noticed a flayed ghost
 10295 | D:11     | Noticed a lich
 10295 | D:11     | Noticed jasper's ghost (journeyman DsSh)
 10296 | D:11     | Found a runed translucent door.
 10339 | D:11     | XOM: divination: magic mapping
 10350 | D:11     | Reached skill level 10 in Fighting
 10362 | D:11     | Reached skill level 1 in Evocations
 10377 | D:11     | Found a staircase to the Lair.
 10488 | D:11     | XOM: potion effect (might)
 10523 | D:11     | Noticed a cyclops
 10523 | D:11     | XOM: divination: magic mapping
 10528 | D:11     | XOM: potion effect (attraction)
 10529 | D:11     | Killed a cyclops
 10681 | D:11     | Identified the +0 leather armour "Wuci" {SInv}
 10719 | D:11     | Noticed a cyclops
 10724 | D:11     | Killed a cyclops
 10877 | D:11     | Found a blossoming altar of Fedhas.
 11105 | Lair:1   | XOM: stealth player
 11105 | Lair:1   | Entered Level 1 of the Lair of Beasts
 11203 | Lair:1   | XOM: give mutation
 11203 | Lair:1   | Lost mutation: Your magical capacity is low. (-10% MP)
                  | [Xom's mischief]
 11239 | Lair:1   | Reached skill level 5 in Evocations
 11244 | Lair:1   | XOM: smoke on damage
 11245 | Lair:1   | XOM: stat loss: -1 Int (14/15)
 11289 | Lair:1   | XOM: god gift: 32 gold pieces
 11305 | Lair:1   | XOM: summons 1 hostile demon
 11358 | Lair:1   | Reached XP level 12. HP: 87/110 MP: 12/12
 11358 | Lair:1   | XOM: fog
 11365 | Lair:1   | Learned a level 3 spell: Swiftness
 11369 | Lair:1   | Learned a level 3 spell: Passwall
 11467 | Lair:1   | Found a transporter.
 11576 | Lair:1   | Found a transporter.
 11644 | Lair:1   | XOM: 3-stop teleportation journey
 11658 | Lair:1   | XOM: god gift: metallic orange potion {god gift}
 11779 | Lair:2   | XOM: god gift: 55 gold pieces
 11787 | Lair:2   | Noticed a death yak
 11787 | Lair:2   | Noticed a death yak
 11787 | Lair:2   | Noticed a death yak
 11787 | Lair:2   | Noticed a death yak
 11787 | Lair:2   | XOM: 1-stop teleportation journey
 11788 | Lair:2   | XOM: cast spell 'Summon Cactus Giant'
 11794 | Lair:2   | Killed a death yak
 11794 | Lair:2   | Killed a death yak
 11796 | Lair:2   | Killed a death yak
 11798 | Lair:2   | Killed a death yak
 11800 | Lair:2   | XOM: give mutations
 11800 | Lair:2   | Gained mutation: You are resistant to electric shocks.
                  | (rElec) [Xom's mischief]
 11800 | Lair:2   | Gained mutation: Your flesh is heat resistant. (rF+) [Xom's
                  | mischief]
 11858 | Lair:2   | Noticed a six-headed hydra
 11859 | Lair:2   | XOM: summons friendly crimson imp
 11864 | Lair:2   | Killed a six-headed hydra
 11882 | Lair:2   | XOM: smoke on damage
 11931 | Lair:2   | Reached skill level 15 in Ranged Weapons
 11981 | Lair:2   | Found a staircase to the Shoals.
 12120 | Lair:2   | XOM: potion effect (berserk rage)
 12359 | Lair:2   | Found a staircase to the Snake Pit.
 12384 | Lair:2   | XOM: 3-stop teleportation journey
 12823 | Lair:3   | Reached XP level 13. HP: 122/122 MP: 13/13
 12873 | Lair:3   | XOM: 1-stop teleportation journey
 12874 | Lair:3   | Noticed Rupert
 12978 | Lair:3   | Killed Rupert
 13105 | Lair:3   | XOM: give mutation
 13105 | Lair:3   | Gained mutation: Your movements are slightly less
                  | encumbered by armour. (ER -2) [Xom's grace]
 13254 | Lair:3   | XOM: cloud trail
 13331 | Lair:3   | XOM: give mutation
 13331 | Lair:3   | Gained mutation: You have hidden genetic potential. [Xom's
                  | mischief]
 13354 | Lair:3   | XOM: draining
 13385 | Lair:3   | XOM: stat loss: -1 Str (12/13)
 13410 | Lair:3   | XOM: god gift: ebony executioner's axe {god gift}
 13410 | Lair:3   | Identified the +5 executioner's axe "Ugoil" {chaos, *Noise
                  | rN+ Str+8 Int-5} (Xom gifted it to you on level 3 of the
                  | Lair of Beasts)
 13472 | Lair:3   | XOM: god gift: glowing chain mail {god gift}
 13857 | Lair:4   | Found a viscous altar of Jiyva.
 13873 | Lair:4   | Found a staircase to the Slime Pits.
 13940 | Lair:4   | XOM: cast spell 'Animate Armour'
 14085 | Lair:4   | XOM: potion effect (might)
 14339 | Lair:4   | Identified the +0 scale mail "Ginael" {Str-4 Dex+3 Slay+2}
 14568 | Lair:4   | XOM is BORED!
 14568 | Lair:4   | XOM: stat loss: -3 Str (10/13)
 14796 | Lair:5   | Entered Level 5 of the Lair of Beasts
 14856 | Lair:5   | XOM: cast spell 'Summon Horrible Things'
 14909 | Lair:5   | XOM: 1-stop teleportation journey
 14955 | Lair:5   | XOM: polymorph komodo dragon -> howler monkey
 14959 | Lair:5   | Reached skill level 15 in Fighting
 14982 | Lair:5   | XOM: scenery: summon butterflies
 15153 | Lair:5   | Noticed a dire elephant
 15153 | Lair:5   | Noticed a dire elephant
 15153 | Lair:5   | Noticed a dire elephant
 15153 | Lair:5   | Noticed a dire elephant
 15375 | Lair:5   | XOM: polymorph elephant -> black mamba
 15434 | Lair:5   | XOM: god gift: chain mail {god gift}
 15533 | Lair:5   | XOM: 2-stop teleportation journey
 15542 | Lair:5   | XOM: scenery: 1 doors open
 15757 | Orc:1    | Entered Level 1 of the Orcish Mines
 15997 | Orc:1    | XOM: confuse monster(s)
 15998 | Orc:1    | XOM: potion effect (curing)
 16011 | Orc:1    | Reached XP level 14. HP: 32/134 MP: 14/14
 16011 | Orc:1    | Acquired a bismuth encabulator {rPois rF+ Regen+ RegenMP+
                  | rCorr}
 16391 | Orc:2    | Entered Level 2 of the Orcish Mines
 16395 | Orc:2    | XOM: scenery: summon butterflies
 16450 | Orc:2    | Noticed Saint Roka
 16469 | Orc:2    | XOM: blink monster(s)
 16610 | Orc:2    | XOM: chaos upgrade
 16614 | Orc:2    | XOM: fog
 16630 | Orc:2    | Killed Saint Roka
 16649 | Orc:2    | Gained mutation: Your flesh is cold resistant. (rC+)
                  | [hidden potential]
 16837 | Orc:2    | Paralysed by something for 2 turns
 16844 | Orc:2    | XOM: cleaving
 16846 | Orc:2    | XOM: cleaving
 16979 | Orc:2    | XOM: polymorph two-headed ogre -> white ugly thing
 17029 | Orc:2    | Found a staircase to the Elven Halls.
 17113 | Orc:1    | XOM: torment (65/137 hp)
 17161 | Orc:1    | Reached skill level 10 in Evocations
 17305 | Orc:2    | Reached skill level 10 in Dodging
 17384 | Orc:2    | XOM: give mutations
 17384 | Orc:2    | Lost mutation: You are robust. (+10% HP) [Xom's mischief]
 17384 | Orc:2    | Lost mutation: Your movements are slightly less encumbered
                  | by armour. (ER -2) [Xom's mischief]
 17384 | Orc:2    | Lost mutation: Your mind is acute. (Int +4, Str/Dex -1)
                  | [Xom's mischief]
 17445 | Orc:2    | Found Woelo's Jewellery Emporium.
 17535 | Orc:2    | Found Hostro's Magic Scroll Shop.
 17535 | Orc:2    | Found Yrewexocs's Assorted Antiques.
 17536 | Orc:2    | Found Uporchio's Distillery.
 17558 | Orc:2    | Bought a potion of haste for 150 gold pieces
 17558 | Orc:2    | Bought 2 potions of might for 120 gold pieces
 17558 | Orc:2    | Bought a potion of heal wounds for 75 gold pieces
 17558 | Orc:2    | Bought a potion of heal wounds for 75 gold pieces
 17674 | Orc:2    | Bought a scroll of fear for 72 gold pieces
 17674 | Orc:2    | Bought a scroll of enchant weapon for 135 gold pieces
 17674 | Orc:2    | Bought a scroll of noise for 18 gold pieces
 17676 | Orc:2    | Bought a potion of curing for 45 gold pieces
 17676 | Orc:2    | Bought a potion of curing for 45 gold pieces
 17676 | Orc:2    | Bought a potion of curing for 45 gold pieces
 17676 | Orc:2    | Bought a potion of degeneration for 15 gold pieces
 17677 | Orc:2    | Bought a scroll of poison for 104 gold pieces
 17677 | Orc:2    | Bought a wand of paralysis (4) for 249 gold pieces
 17677 | Orc:2    | Bought a wand of roots (5) for 312 gold pieces
 17792 | Lair:1   | XOM: polymorph fire crab -> water nymph
 17797 | Lair:1   | XOM: draining
 17813 | Lair:1   | Identified the +0 pair of gloves of the Black Moon {rElec
                  | rC+ Stlth-}
 17957 | Lair:5   | XOM: give mutation
 17957 | Lair:5   | Lost mutation: You are resistant to electric shocks.
                  | (rElec) [Xom's mischief]
 18190 | Lair:5   | Found the +4 Cigotuvi's embrace {Corpsefed rMiasma ^Drain
                  | rN+}
 18324 | Lair:5   | XOM: cast spell 'Leda's Liquefaction'
 18325 | Lair:5   | XOM: polymorph dire elephant -> dire elephant
 18330 | Lair:5   | Mangled by a dire elephant

Illustrated notes

Levels and vault maps discovered:
D:1:      dpeg_arrival_rhombi, layout_loops_corners
D:2:      layout_basic
D:3:      minmay_evil_eye, layout_basic, evilmike_ruin_ashenzari,
          uniq_crazy_yiuf_cottage
D:4:      layout_gridville, hangedman_decor_clover_reticule, uniq_robin,
          uniq_sigmund
D:5:      layout_basic
D:6:      layout_rooms, serial_shops, shop, minmay_manual_moon
D:7:      layout_rooms, nicolae_tso_carved_into_rock, minmay_temple_entry_wispy,
          serial_shops, shop
D:8:      layout_loops_ring, roderic_batcave, nicolae_shop_clearance
D:9:      layout_basic, kennysheep_generic_room_13
D:10:     layout_basic, orc_0_dummy
D:11:     layout_roguey, due_lair_maze_entry_diamond,
          muffindrake_ghost_dual_entry, fedhas_altar_4
Lair:1:   gammafunk_cloud_chamber, layout_big_grid, beast_lair_carwin_11
Lair:2:   layout_cave_pods, shoals_dummy_entry, guppyfry_snake_entry_garden,
          chequers_serial_rivers_small_a
Lair:3:   layout_cave_pods, kennysheep_rathole, lemuel_fruit_tree, uniq_rupert
Lair:4:   layout_misc_corridors, slime_entry_1
Lair:5:   due_jungle_book, layout_misc_corridors, nzn_sisyphean_effort,
          serial_bayou_shore_b
Orc:1:    layout_diamond_mine, minmay_orc_keep
Orc:2:    st_orc_ogre_mass, layout_caves, uniq_saint_roka

Skill      XL: |  1  2  3  4  5  6  7  8  9 10 11 12 13 14 |
---------------+-------------------------------------------+-----
Fighting       | 4 5 6 8 9 11 13 15 16 | 16.2
Ranged Weapons | 2 4 6 7 12 13 14 15 16 | 16.0
Dodging        | 3 5 7 8 10 | 10.6
Evocations     | 5 6 7 10 | 10.7
Long Blades    | |  3.0
Armour         | |  1.7

Action                     |  1- 3 |  4- 6 |  7- 9 | 10-12 | 13-15 || total
---------------------------+-------+-------+-------+-------+-------++-------
  Melee: Falchion          |    87 |    83 |    32 |       |       ||   202
         Dagger            |    62 |    41 |    58 |       |       ||   161
         Long sword        |    11 |    36 |       |       |       ||    47
         Mace              |       |    18 |       |       |       ||    18
         Scimitar          |       |       |   125 |    61 |       ||   186
         Short sword       |       |       |    97 |    54 |       ||   151
         Headbutt          |       |       |       |     3 |       ||     3
   Fire: Orcbow            |       |       |       |   509 |   861 ||  1370
  Throw: Dart              |       |       |     7 |       |       ||     7
Ability: Invent Gizmo      |       |       |       |       |     1 ||     1
  Evoke: Wand              |       |       |     4 |       |    10 ||    14
    Use: Potion            |     1 |       |     6 |     4 |     2 ||    13
         Scroll            |       |     5 |     2 |     7 |    13 ||    27
   Stab: Sleeping          |     1 |       |       |       |       ||     1
         Invisible         |       |       |     1 |       |       ||     1
 Armour: Leather armour    |    53 |    77 |   100 |       |    25 ||   255
         Steam dragon scal |       |       |    49 |    65 |       ||   114
         Troll leather arm |       |       |       |    79 |   187 ||   266
         Ring mail         |       |       |       |       |    58 ||    58
  Dodge: Dodged            |    43 |    62 |   117 |   137 |   228 ||   587

Table legend: (Time is in decaauts)
 A = Elapsed time spent in this place.
 B = Non-inter-level travel time spent in this place.
 C = Inter-level travel time spent in this place.
 D = Time resting spent in this place.
 E = Time spent auto-exploring this place.
 F = Levels seen in this place.
 G = Mean time per level.
                   A        B        C        D        E       F      G
               +--------+--------+--------+--------+--------+-----+--------+
         Total |  18103 |  16926 |   1177 |   1312 |  11620 |  18 | 1005.7 |
       Dungeon |  11279 |  10577 |    702 |   1164 |   7271 |  11 | 1025.4 |
          Lair |   5026 |   4725 |    301 |    126 |   3251 |   5 | 1005.2 |
  Orcish Mines |   1796 |   1623 |    173 |     22 |   1098 |   2 |  898.0 |
               +--------+--------+--------+--------+--------+-----+--------+

Top non-repeatable levels by time:
     D:5: 1740 daAuts
     D:6: 1440 daAuts
     D:8: 1303 daAuts
  Lair:5: 1240 daAuts
  Lair:2: 1121 daAuts
  Lair:3: 1081 daAuts
     D:3: 1030 daAuts
     D:1: 987 daAuts
   Orc:1: 963 daAuts
     D:4: 958 daAuts
  Lair:4: 941 daAuts
     D:7: 910 daAuts
    D:11: 907 daAuts
    D:10: 848 daAuts
   Orc:2: 832 daAuts
